 Dungeon Crawl Stone Soup version 0.26-a0-660-gc07710193c (webtiles) character file.

Game seed: 17352809086021564675

227 heikuro the Skirmisher (level 6, 0/48 HPs)
             Began as a Formicid Abyssal Knight on Oct 6, 2020.
             Was a Believer of Lugonu.
             Slain by an orc
             ... wielding a +0 hand axe
              (2 damage)
             ... on level 3 of the Dungeon.
             The game lasted 00:07:09 (3844 turns).

heikuro the Skirmisher (Formicid Abyssal Knight)    Turns: 3844, Time: 00:07:09

Health: 0/48       AC:  8    Str: 19    XL:     6   Next: 22%
Magic:  8/8        EV: 10    Int: 11    God:    Lugonu [**....]
Gold:   142        SH:  0    Dex: 10    Spells: 5/5 levels left

rFire    . . .     SeeInvis +   a - +2 halberd (venom)
rCold    . . .     Faith    .   (no shield)
rNeg     . . .     Spirit   .   l - +0 scale mail
rPois    .         Reflect  .   (helmet unavailable)
rElec    .         Harm     .   r - +0 cloak
rCorr    .         Rampage  .   (no gloves)
MR       .....                  (no boots)
Stlth    ..........             (no amulet)
HPRegen  0.16/turn              (no ring)
MPRegen  0.11/turn              (no ring)

@: no status effects
A: permanent stasis, dig shafts and tunnels, four strong arms, antennae 3
a: Dig, Shaft Self, Depart the Abyss, Bend Space, Renounce Religion


You were on level 3 of the Dungeon.
You worshipped Lugonu.
Lugonu was pleased with you.
You visited 1 branch of the dungeon, and saw 4 of its levels.
You visited the Abyss 1 time.

You collected 142 gold pieces.

Inventory:

Hand Weapons
 a - a +2 halberd of venom (weapon)
 b - a +0 hunting sling
 i - a +3 short sword
 s - a +0 antimagic trident
Missiles
 g - 97 stones (quivered)
 j - 16 poisoned darts
 p - a throwing net
 t - 25 sling bullets
Armour
 l - a +0 scale mail (worn)
 r - a +0 cloak (worn)
Jewellery
 u - an uncursed ring of magical power {unknown}
Scrolls
 c - a scroll of remove curse {unknown}
 e - 2 scrolls of enchant weapon
 f - a scroll of teleportation {unknown}
 h - a scroll of immolation {unknown}
 q - a scroll of blinking {unknown}
Potions
 d - 2 potions of curing
 k - 2 potions of haste {unknown}
 m - a potion of flight {unknown}
 n - 2 potions of resistance
 o - a potion of ambrosia {unknown}


   Skills:
 + Level 4.2 Fighting
 * Level 4.0 Polearms
 + Level 0.8 Slings
 + Level 3.4 Armour
 - Level 1.0 Dodging
 + Level 3.6 Invocations


You had 5 spell levels left.
You didn't know any spells.
Your spell library was empty.

Dungeon Overview and Level Annotations

Branches:
Dungeon (4/15)
 Temple: D:4-7

Altars:
Ashenzari
Elyvilon
Makhleb
Okawaru
Qazlal
Ru
Uskayaw
Vehumet

Shops:
D:4 *

Annotations:
D:3 Edmund


Innate Abilities, Weirdness & Mutations

You cannot be hasted, slowed, berserked, paralysed or teleported.
You can dig through walls and to a lower floor.
Your four strong arms can wield two-handed weapons with a shield.
You have a pair of large antennae on your head. (SInv)


Message History

Beogh smites you!
* * * LOW HITPOINT WARNING * * *
The orc hits you but does no damage. The orc wizard closely misses you.
The orc closely misses you.
You climb upwards.
There is a stone staircase leading down here.
You hit the orc.
The orc is poisoned.
The orc is moderately wounded.
The orc wizard closely misses you.
Edmund hits you with a +3 vorpal dire flail.
* * * LOW HITPOINT WARNING * * *
x2 The orc hits you but does no damage.
The orc wizard hits you but does no damage.
Edmund closely misses you. The orc hits you but does no damage.
You closely miss the orc.
The orc is moderately wounded.
The orc wizard barely misses you.
The orc wizard hits you but does no damage.
Edmund hits you but does no damage. The orc hits you with a +0 hand axe.
You die...

#.###############.#####
#.#.............#.##...
##########.##.##########.#.##...
#..........##.#..........#.##...
#.......###..^#.....######†##...
#.............#.###.#......##.##
#........#.....<....#.#######.#
#######.....#.#o#####.# #.#
#.....#.#@o.....# ##.##
##..###.#@####..# #..P#
####...#...#.# ##.# #.###
#.....##[###.#####.#######.##
#.##...#.#.#...........#PPP^.
#.####.#.#..........####....^
#....#+#.#..#####.#.# #PP_..
#........#........#.## #^.P^^
#........#.########..# #P.PP.


You could see Edmund (very poisoned), an orc wizard (fast) and an orc
(poisoned).

Vanquished Creatures
  A water moccasin skeleton (D:3)
  A hound (D:2)
  A centaur skeleton (D:4)
  4 gnolls
  2 oozes
  3 worms (D:2)
  2 dart slugs
  6 orcs
  6 bats
  4 giant cockroaches
  9 goblins
  6 hobgoblins
  7 kobolds
  A quokka (D:3)
  2 frilled lizards
  7 rats
62 creatures vanquished.

Notes
Turn   | Place    | Note
-------+----------+-------------------------------------------
     0 | Abyss:1  | heikuro the Formicid Abyssal Knight began the quest for the
                  | Orb.
     0 | Abyss:1  | Reached XP level 1. HP: 18/18 MP: 2/2
    65 | Abyss:1  | Noticed a smoke demon
    90 | D:1      | Escaped the Abyss
   153 | D:1      | Reached skill level 1 in Dodging
   248 | D:1      | Reached XP level 2. HP: 24/24 MP: 3/3
   548 | D:1      | Reached * piety under Lugonu
   556 | D:1      | Reached XP level 3. HP: 19/29 MP: 4/4
  1142 | D:2      | Found a burning altar of Makhleb.
  1146 | D:2      | Reached XP level 4. HP: 34/37 MP: 6/6
  1394 | D:2      | Found an iron altar of Okawaru.
  1457 | D:2      | Found a stormy altar of Qazlal.
  2204 | D:2      | You fall into a shaft and drop 1 floor!
  2363 | D:3      | Reached XP level 5. HP: 20/42 MP: 7/7
  2629 | D:3      | Reached ** piety under Lugonu
  3245 | D:3      | Found a white marble altar of Elyvilon.
  3303 | D:3      | Found a radiant altar of Vehumet.
  3355 | D:3      | Found a sacrificial altar of Ru.
  3393 | D:3      | Found a broken altar of Ashenzari.
  3469 | D:3      | Found a hide-covered altar of Uskayaw.
  3511 | D:4      | Found Jacenui's General Store.
  3573 | D:4      | Reached XP level 6. HP: 47/48 MP: 8/8
  3709 | D:4      | Noticed Edmund
  3843 | D:3      | HP: 2/48 [Edmund/+3 vorpal dire flail (1)]
  3844 | D:3      | Slain by an orc

Illustrated notes

Levels and vault maps discovered:
D:1:      enne_arrival_octagon_isle, layout_loops_ring, minmay_tetromino_o4
D:2:      minmay_chambers_of_ones, layout_loops_corners,
          makhleb_blood_cavern_becter, grunt_temple_overflow_open
D:3:      layout_basic, nicolae_overflow_quartered_altars,
          nicolae_ru_the_path_less_chosen
D:4:      layout_rooms, serial_shops, shop, minmay_parallelograms,
          minmay_door_square, uniq_edmund

Skill      XL: |  1  2  3  4  5 |
---------------+----------------+-----
Dodging        | 1 |  1.0
Polearms       | 3 4 |  4.0
Invocations    | 3 |  3.6
Armour         | 3 |  3.4
Fighting       | 4 |  4.2
Slings         | |  0.8

Action                   |  1- 3 |  4- 6 || total
-------------------------+-------+-------++-------
Melee: Spear             |    15 |       ||    15
       Halberd           |    53 |   124 ||   177
 Fire: Hunting sling     |       |    12 ||    12
Invok: Depart the Abyss  |     1 |       ||     1
  Use: Scroll            |       |     3 ||     3
       Potion            |       |     1 ||     1
 Stab: Sleeping          |     1 |       ||     1
Armor: Leather armour    |    17 |       ||    17
       Scale mail        |     8 |    39 ||    47
Dodge: Dodged            |    46 |    70 ||   116

Table legend: (Time is in decaauts)
 A = Elapsed time spent in this place.
 B = Non-inter-level travel time spent in this place.
 C = Inter-level travel time spent in this place.
 D = Time resting spent in this place.
 E = Time spent auto-exploring this place.
 F = Levels seen in this place.
 G = Mean time per level.
                   A        B        C        D        E       F      G
               +--------+--------+--------+--------+--------+-----+--------+
         Total |   3904 |   3766 |    138 |    994 |   1949 |   5 |  780.8 |
       Dungeon |   3814 |   3676 |    138 |    994 |   1878 |   4 |  953.5 |
         Abyss |     90 |     90 |      0 |      0 |     71 |   1 |   90.0 |
               +--------+--------+--------+--------+--------+-----+--------+

Top non-repeatable levels by time:
     D:2: 1618 daAuts
     D:3: 974 daAuts
     D:1: 928 daAuts
     D:4: 293 daAuts
 Abyss:1: 90 daAuts
